 Dungeon Sprint DCSS version 0.27-a0-819-g058290f16d (webtiles) character file.

Game seed: 55412231929445801

3369 rocky1 the Carver (level 10, -24/77 HPs)
             Began as a Djinni Fighter on Mar 30, 2021.
             Was the Champion of Makhleb.
             Annihilated by a bog body (42 damage)
             ... in the Dungeon (Sprint VII: "The Pits").
             The game lasted 00:09:12 (1748 turns).

rocky1 the Carver (Djinni Fighter)                  Turns: 1748, Time: 00:09:13

Health: -24/77     AC: 14    Str: 17    XL:     10   Next: 3%
Gold:   0          EV: 12    Int: 11    God:    Makhleb [******] SH: 12 Dex: 13

rFire    + + .     SeeInvis .   n - +2 scimitar (flame)
rCold    x . .     Faith    .   c - +0 kite shield
rNeg     . . .     Spirit   .   p - +5 ring mail
rPois    ∞         Reflect  .   (no helmet)
rElec    .         Harm     .   l - +0 cloak
rCorr    .         Rampage  .   (no gloves)
Will     +....     NoTele   +   (boots unavailable)
Stlth    +.........             (no amulet)
HPRegen  0.22/turn              b - +3 ring of protection
MPRegen  0.00/turn              g - +3 ring of evasion

@: berserk cooldown, flying, slowed, very slow
A: fire resistance 2, cold vulnerability 1, float, innate caster, hp casting,
extra vitality 1
a: Renounce Religion, Minor Destruction, Lesser Servant of Makhleb, Major
Destruction, Greater Servant of Makhleb


You were in the Dungeon.
You worshipped Makhleb.
Makhleb was exalted by your worship.
You visited 1 branch

Inventory:

Hand Weapons
 n - a +2 scimitar of flaming (weapon)
 q - a +1 vorpal broad axe
Armour
 a - a +3 plate armour
 c - a +0 kite shield (worn)
 l - a +0 cloak (worn)
 o - a +4 chain mail
 p - a +5 ring mail (worn)
Jewellery
 b - a +3 ring of protection (left hand)
 g - a +3 ring of evasion (right hand)
Scrolls
 k - a scroll of summoning
Potions
 d - 2 potions of mutation
 e - 6 potions of curing
 f - 7 potions of heal wounds
 j - 2 potions of invisibility
 m - 4 potions of might


   Skills:
 + Level 8.9 Fighting
 + Level 12.6 Long Blades
 - Level 3.0 Armour
 + Level 11.7 Shields
 + Level 8.0 Spellcasting
 - Level 6.1 Invocations


You had 15 spell levels left.
You knew the following spells:

 Your Spells              Type           Power      Damage    Failure   Level
a - Beastly Appendage     Tmut           44%        N/A       1%          1
b - Searing Ray           Conj           44%        3d4       2%          2
c - Summon Guardian Gole  Hex/Summ       22%        N/A       4%          3
d - Leda's Liquefaction   Hex/Erth       11%        N/A       16%         4
Your spell library was empty.

Dungeon Overview and Level Annotations

Branches:
Dungeon (1/1)

Altars:
Ashenzari
Cheibriados
Dithmenos
Elyvilon
Fedhas
Gozag
Hepliaklqana
Kikubaaqudgha
Makhleb
Nemelex Xobeh
Okawaru
Qazlal
Ru
Sif Muna
Trog
Uskayaw
Vehumet
Wu Jian
Xom
Yredelemnul
Zin
The Shining One
Beogh
Jiyva
Lugonu


Innate Abilities, Weirdness & Mutations

You are immune to poison.
Your flesh is very heat resistant. (rF++)
You are vulnerable to cold. (rC-)
You float through the air rather than walking.
You learn spells naturally, not from books.
Your magical power is your life essence.
You have superior vitality. (+4 HP)


Message History

The demonic crawler hits you but does no damage.
The demonic crawler hits you. You block the demonic crawler's attack.
You block the merfolk's attack.
You slash the demonic crawler! You burn the demonic crawler.
The demonic crawler is severely wounded.
The demonic crawler hits you but does no damage.
You block the demonic crawler's attack.
The demonic crawler hits you but does no damage.
You block the merfolk's attack.
You slash the demonic crawler! You burn the demonic crawler.
The demonic crawler is almost dead.
You block the demonic crawler's attack. The demonic crawler hits you!
The demonic crawler hits you.
You slash the demonic crawler! You burn the demonic crawler.
You kill the demonic crawler!
Makhleb accepts your kill.
You feel better. The merfolk closely misses you.
Your Spellcasting skill increases to level 8!
You have reached level 10!
The bog body points at you and mumbles some strange words.
The bolt of cold hits you!!
You feel a terrible chill!
* * * LOW HITPOINT WARNING * * *
You block the merfolk's attack.
There is an open door to the Storerooms (Easy), spattered with blood here.
Items here: ))) [[[ †.
You slash the merfolk! You burn the merfolk.
The merfolk is moderately wounded.
The bog body touches you but does no damage.
The merfolk hits you with a +0 trident.
* * * LOW HITPOINT WARNING * * *
You slash the merfolk! You burn the merfolk!
The merfolk is severely wounded.
You are no longer berserk.
You are exhausted.
You feel as though you will be slow longer.
The bog body touches you.
* * * LOW HITPOINT WARNING * * *
The bog body freezes you!!!
You feel a terrible chill!
Ouch! That really hurt!
You die...

############ #_________.#
#_________.#
#_______...###########++#####
##########'##................
#.?(!')))'.##......#..#......
##########.##................
#...........@m...............
#'#####)#####n.....#..#......
#.#.....#[[##................
#.#.....#))#####'#####''#####
#)###'###))##.......##''#####
#)#.....#))##.......##..m...#
#.#.....#..##.......##...n..#
#.####†##'###...<...###....##
#)#........##.......# ##''##


You could see a merfolk and a bog body.

Vanquished Creatures
  A shadow wraith (D)
  A sea snake (D)
  An elephant (D)
  A demonic crawler (D)
  A hellwing (D)
  A polar bear (D)
  A shadow (D)
  A tarantella (D)
  Duvessa (D)
  3 floating eyes (D)
  A sky beast (D)
  An ogre (D)
  A wolf (D)
  A phantom (D)
  A bullfrog (D)
  Dowan (D)
  A crimson imp (D)
  A hound (D)
  2 orc priests (D)
  2 orc wizards (D)
  A gnoll (D)
  An ufetubus (D)
  An adder skeleton (D)
  8 orcs (D)
  3 hobgoblins (D)
  A frilled lizard (D)
  2 rats (D)
41 creatures vanquished.

Notes
Turn   | Place    | Note
-------+----------+-------------------------------------------
     0 | D        | rocky1 the Djinni Fighter began the quest for the Orb.
     0 | D        | Reached XP level 1. HP: 20/20 MP: 0/0
    14 | D        | Reached skill level 2 in Long Blades
    20 | D        | Found a bloodstained altar of Trog.
    20 | D        | Found a viscous altar of Jiyva.
    20 | D        | Found a hazy altar of Hepliaklqana.
    20 | D        | Found an opulent altar of Gozag.
    21 | D        | Found a glowing golden altar of the Shining One.
    21 | D        | Found a glowing silver altar of Zin.
    21 | D        | Found a basalt altar of Yredelemnul.
    21 | D        | Found a shimmering altar of Xom.
    21 | D        | Found an ornate altar of the Wu Jian Council.
    21 | D        | Found a sacrificial altar of Ru.
    21 | D        | Found a stormy altar of Qazlal.
    21 | D        | Found an iron altar of Okawaru.
    21 | D        | Found a sparkling altar of Nemelex Xobeh.
    21 | D        | Found a burning altar of Makhleb.
    21 | D        | Found a blossoming altar of Fedhas.
    21 | D        | Found a white marble altar of Elyvilon.
    21 | D        | Found a shadowy altar of Dithmenos.
    21 | D        | Found a snail-covered altar of Cheibriados.
    24 | D        | Found a corrupted altar of Lugonu.
    25 | D        | Found a hide-covered altar of Uskayaw.
    25 | D        | Found a broken altar of Ashenzari.
    31 | D        | Became a worshipper of Makhleb the Destroyer
    79 | D        | Reached skill level 3 in Long Blades
    79 | D        | Reached XP level 2. HP: 16/25 MP: 0/0
   258 | D        | Reached * piety under Makhleb
   265 | D        | Noticed a floating eye
   265 | D        | Noticed a floating eye
   267 | D        | Paralysed by a floating eye for 3 turns
   275 | D        | Killed a floating eye
   275 | D        | Paralysed by a floating eye for 3 turns
   276 | D        | Reached skill level 7 in Long Blades
   276 | D        | Reached XP level 3. HP: 30/30 MP: 0/0
   276 | D        | Learned a level 1 spell: Beastly Appendage
   276 | D        | Reached XP level 4. HP: 35/35 MP: 0/0
   281 | D        | Paralysed by a floating eye for 2 turns
   283 | D        | Killed a floating eye
   283 | D        | Reached ** piety under Makhleb
   284 | D        | Reached skill level 8 in Long Blades
   284 | D        | Reached XP level 5. HP: 40/40 MP: 0/0
   284 | D        | Learned a level 2 spell: Searing Ray
   408 | D        | Noticed a sky beast
   408 | D        | Noticed an ogre
   425 | D        | Killed a sky beast
   425 | D        | Reached *** piety under Makhleb
   426 | D        | Reached skill level 9 in Long Blades
   426 | D        | Reached XP level 6. HP: 46/46 MP: 0/0
   428 | D        | Reached skill level 10 in Long Blades
   432 | D        | Reached XP level 7. HP: 50/50 MP: 0/0
   432 | D        | Learned a level 3 spell: Summon Guardian Golem
   433 | D        | Reached **** piety under Makhleb
   467 | D        | Reached ***** piety under Makhleb
   689 | D        | Reached skill level 11 in Long Blades
   697 | D        | Reached skill level 5 in Fighting
   697 | D        | Reached skill level 5 in Spellcasting
   697 | D        | Reached XP level 8. HP: 59/59 MP: 0/0
   805 | D        | Noticed Duvessa
   805 | D        | Noticed Dowan
   805 | D        | Noticed a shadow
   805 | D        | Noticed a polar bear
   821 | D        | Killed Duvessa
   830 | D        | Killed a polar bear
   830 | D        | Reached ****** piety under Makhleb
   844 | D        | Killed a shadow
   845 | D        | Reached skill level 10 in Shields
   862 | D        | Killed Dowan
  1078 | D        | Noticed a sea snake
  1078 | D        | Noticed a hellwing
  1098 | D        | Killed a sea snake
  1099 | D        | Reached skill level 5 in Invocations
  1099 | D        | Reached XP level 9. HP: 67/67 MP: 0/0
  1099 | D        | Learned a level 4 spell: Leda's Liquefaction
  1109 | D        | Killed a hellwing
  1274 | D        | Noticed an elephant
  1304 | D        | Reached skill level 12 in Long Blades
  1311 | D        | Killed an elephant
  1317 | D        | Killed a shadow wraith
  1718 | D        | Noticed a bog body
  1718 | D        | Noticed a merfolk
  1718 | D        | Noticed a demonic crawler
  1745 | D        | Killed a demonic crawler
  1746 | D        | Reached XP level 10. HP: 65/77 MP: 0/0
  1748 | D        | Annihilated by a bog body

Illustrated notes

Levels and vault maps discovered:
D:        pitsprint [storerooms_1, entrance_room_1, metal_vault_2, armoury_1,
          mini_pit_1, grid_room_1, main_hall_1, silver_pit, the_coven_3,
          the_vestibule_1, steel_vault_1, golden_pit, hallway_of_sentries,
          crystal_vault_4, iron_vault_4, final_vault]

Skill      XL: |  1  2  3  4  5  6  7  8  9 |
---------------+----------------------------+-----
Long Blades    | 3 7 8 9 10 11 12 | 12.6
Shields        | 6 7 8 9 10 11 | 11.7
Invocations    | 3 5 6 |  6.1
Spellcasting   | 2 3 5 6 8 |  8.0
Fighting       | 5 6 8 |  8.9
Armour         | |  3.0

Action                   |  1- 3 |  4- 6 |  7- 9 | 10-12 || total
-------------------------+-------+-------+-------+-------++-------
Melee: Long sword        |    20 |    26 |    92 |       ||   138
       Scimitar          |       |       |    44 |     2 ||    46
  Use: Potion            |       |     1 |     9 |       ||    10
       Scroll            |       |       |     1 |       ||     1
Armor: Scale mail        |     6 |     3 |    29 |       ||    38
       Ring mail         |       |       |    19 |     1 ||    20
Dodge: Dodged            |     3 |     3 |    27 |       ||    33
Block: Kite shield       |     4 |     9 |    64 |     1 ||    78
       Rpst.: Long sword |     1 |     3 |     6 |       ||    10
       Scimitar          |       |       |     3 |       ||     3

Table legend: (Time is in decaauts)
 A = Elapsed time spent in this place.
 B = Non-inter-level travel time spent in this place.
 C = Inter-level travel time spent in this place.
 D = Time resting spent in this place.
 E = Time spent auto-exploring this place.
 F = Levels seen in this place.
 G = Mean time per level.
                   A        B        C        D        E       F      G
               +--------+--------+--------+--------+--------+-----+--------+
         Total |   1754 |   1717 |     37 |   1047 |      0 |   1 | 1754.0 |
       Dungeon |   1754 |   1717 |     37 |   1047 |      0 |   1 | 1754.0 |
               +--------+--------+--------+--------+--------+-----+--------+

Top non-repeatable levels by time:
       D: 1754 daAuts
